 Dungeon Crawl Stone Soup version 0.30-a0-1160-g6e42c06551 (webtiles) character file.

Game seed: 8144662615579699996

59 greenreed the Trooper (level 3, -2/33 HPs)
             Began as a Minotaur Fighter on Apr 26, 2023.
             Was a Follower of Makhleb.
             Constricted to death by Ijyb (3 damage)
             ... on level 3 of the Dungeon.
             The game lasted 00:02:35 (1467 turns).

greenreed the Trooper (Minotaur Fighter)            Turns: 1467, Time: 00:02:35

Health: -2/33      AC:  7    Str: 22    XL:     3   Next: 78%
Magic:  2/2        EV:  6    Int:  5    God:    Makhleb [*.....]
Gold:   83         SH:  4    Dex:  9    Spells: 2/2 levels left

rFire   . . .        a - +0 war axe
rCold   . . .        c - +0 buckler
rNeg    . . .        b - +0 scale mail
rPois   .            (helmet restricted)
rElec   .            (no cloak)
rCorr   .            (no gloves)
SInv    .            (no boots)
Will    .....        (no amulet) Stlth
                     (no ring)
HPRegen 0.25/turn    (no ring)
MPRegen 0.08/turn

%: no passive effects
@: mighty, grasped by roots, constricted
A: horns 2, retaliatory headbutt
a: Renounce Religion


You were on level 3 of the Dungeon.
You worshipped Makhleb.
Makhleb was aware of your devotion.
You visited 1 branch of the dungeon, and saw 3 of its levels.

You collected 83 gold pieces.

Inventory:

Hand Weapons
 a - a +0 war axe (weapon)
Armour
 b - a +0 scale mail (worn)
 c - a +0 buckler (worn)
Wands
 p - a wand of roots (10)
Scrolls
 e - 3 scrolls of magic mapping {unknown}
 f - a scroll of poison {unknown}
 h - 2 scrolls of teleportation {unknown}
 i - a scroll of enchant weapon {unknown}
 j - 4 scrolls of identify {unknown}
 l - a scroll of blinking {unknown}
 m - a scroll of acquirement {unknown}
 n - a scroll of vulnerability {unknown}
 q - a scroll of immolation {unknown}
 r - a scroll of fear {unknown}
 s - a scroll of amnesia {unknown}
Potions
 g - 2 potions of brilliance {unknown}
 k - 2 potions of curing {unknown}
 o - a potion of cancellation {unknown}
 t - a potion of ambrosia {unknown}
 u - a potion of experience {unknown}


   Skills:
 * Level 4.3 Fighting
 * Level 3.3 Axes
 + Level 4.2 Armour
 + Level 4.2 Shields
 + Level 0.2 Invocations


You had 2 spell levels left.
You didn't know any spells.
Your spell library was empty.

Dungeon Overview and Level Annotations

Branches:
Dungeon (3/15)

Altars:
Makhleb

Annotations:
D:3 Ijyb


Innate Abilities, Weirdness & Mutations

You have a pair of horns on your head.
You reflexively headbutt those who attack you in melee.


Message History

A ball python comes into view.
Ijyb zaps a wand.
The roots erupt in riotous growth!
The grasping roots grab you!
Ijyb is unaffected.
The grasping roots constrict you.
The ball python hisses angrily.
You hear an angry hiss.
You hear a shout!
You hear an angry hiss.
You see here a ball python corpse.
You closely miss Ijyb. Your headbutt misses Ijyb. You block Ijyb's attack.
The grasping roots constrict you.
Ijyb hits you with a +1 dagger of protection.
The grasping roots constrict you.
You hit Ijyb but do no damage. Your headbutt misses Ijyb.
Ijyb hits you with a +1 dagger of protection.
The grasping roots constrict you.
The grasping roots release their grip on you.
You barely miss Ijyb. Your headbutt misses Ijyb.
Ijyb hits you with a +1 dagger of protection.
You closely miss Ijyb. You headbutt Ijyb, but do no damage.
Ijyb zaps a wand.
The roots erupt in riotous growth!
The grasping roots grab you!
Ijyb is unaffected.
The grasping roots constrict you.
Ijyb hits you with a +1 dagger of protection.
* * * LOW HITPOINT WARNING * * *
The grasping roots constrict you.
* * * LOW HITPOINT WARNING * * *
The ball python bites you but does no damage.
You hear a shout!
You feel very mighty all of a sudden. The ball python barely misses you.
You furiously retaliate!
You headbutt the ball python!
You kill the ball python!
Makhleb accepts your kill. Ijyb hits you but does no damage.
The grasping roots constrict you.
* * * LOW HITPOINT WARNING * * *
You slash Ijyb!
Ijyb is heavily wounded.
Ijyb hits you with a +1 dagger of protection.
* * * LOW HITPOINT WARNING * * *
The grasping roots constrict you.
You die...

#.........# #.........#
#####.........######
...................# #
.................# .#
.................# ..#..
....#####........##.....
[... #.....g.........
... #....(@......##.
#####........#
###<.....# ######.# ...
... ..


You could see Ijyb.

Vanquished Creatures
  3 adders (D:2)
  A worm (D:2)
  5 bats
  3 endoplasms (D:1)
  A goblin (D:2)
  2 hobgoblins (D:2)
  2 jackals (D:2)
  2 quokkas (D:1)
  7 ball pythons
  A frilled lizard (D:3)
  2 kobolds
  2 rats
31 creatures vanquished.

Notes
Turn   | Place    | Note
-------+----------+-------------------------------------------
     0 | D:1      | greenreed the Minotaur Fighter began the quest for the Orb.
     0 | D:1      | Reached XP level 1. HP: 19/19 MP: 0/0
   301 | D:1      | Reached XP level 2. HP: 27/27 MP: 1/1
  1002 | D:2      | Reached XP level 3. HP: 29/33 MP: 2/2
  1086 | D:2      | Noticed a shining eye
  1088 | D:2      | Found a faded altar of an unknown god.
  1092 | D:2      | Noticed a golden eye
  1092 | D:2      | Noticed a great orb of eyes
  1092 | D:2      | Noticed a shining eye
  1109 | D:2      | Prayed at the altar of an unknown god.
  1109 | D:2      | Became a worshipper of Makhleb the Destroyer
  1109 | D:2      | Reached * piety under Makhleb
  1406 | D:3      | Noticed Ijyb
  1467 | D:3      | HP: 1/33 [Ijyb/+1 dagger of protection (2)]
  1467 | D:3      | Constricted to death by Ijyb

Illustrated notes

Levels and vault maps discovered:
D:1:      lightli_arrival_statue_moat, layout_basic, minmay_unequal
D:2:      layout_basic, hellmonk_ecumenical_altar_watching_god
D:3:      layout_basic, lemuel_crystal_altar, serial_shops,
          nicolae_shop_mannequins, uniq_sigmund, uniq_ijyb, uniq_grinder

Skill      XL: |  1  2 |
---------------+-------+-----
Armour         | 4 |  4.2
Fighting       | 4 |  4.3
Axes           | 3 |  3.3
Shields        | 4 |  4.2
Invocations    | |  0.2

Action                     || total
---------------------------++-------
  Melee: War axe           ||    88
         Headbutt          ||     7
    Use: Potion            ||     1
 Armour: Scale mail        ||    48
  Dodge: Dodged            ||    45
  Block: Buckler           ||    25

Table legend: (Time is in decaauts)
 A = Elapsed time spent in this place.
 B = Non-inter-level travel time spent in this place.
 C = Inter-level travel time spent in this place.
 D = Time resting spent in this place.
 E = Time spent auto-exploring this place.
 F = Levels seen in this place.
 G = Mean time per level.
                   A        B        C        D        E       F      G
               +--------+--------+--------+--------+--------+-----+--------+
         Total |   1499 |   1469 |     30 |     31 |   1196 |   3 |  499.7 |
       Dungeon |   1499 |   1469 |     30 |     31 |   1196 |   3 |  499.7 |
               +--------+--------+--------+--------+--------+-----+--------+

Top non-repeatable levels by time:
     D:1: 757 daAuts
     D:2: 673 daAuts
     D:3: 69 daAuts
